 Dungeon Crawl Stone Soup version 0.23-a0-398-g8eab93fbe2 (webtiles) character file.

266242 Flugkiller the Warrior (level 19, -16/161 HPs)
             Began as a Black Draconian Gladiator on Nov 3, 2018.
             Was the Champion of Hepliaklqana.
             Killed from afar by a tengu reaver (50 damage)
             ... with a fireball
             ... on level 3 of the Vaults.
             The game lasted 01:56:00 (61474 turns).

Flugkiller the Warrior (Black Draconian Gladiator) Turns: 61474, Time: 01:56:01

Health: -16/161    AC: 24    Str: 21    XL:     19   Next: 70%
Magic:  27/27      EV: 23    Int: 10    God:    Hepliaklqana [******]
Gold:   2262       SH: 14    Dex: 15    Spells: 18/18 levels left

rFire    . . .     SeeInvis .   U - +1 war axe (elec)
rCold    . . .     Gourm    .   W - +1 shield {reflect}
rNeg     . . .     Faith    .   (armour unavailable)
rPois    .         Spirit   .   J - +2 hat
rElec    +         Reflect  +   V - +2 cloak
rCorr    .         Harm     .   o - +2 pair of gloves
MR       ++...                  R - +1 pair of boots {Fly}
Stlth    +.........             E - amulet of the acrobat
HPRegen  0.36/turn              l - +2 ring of protection
MPRegen  0.20/turn              Y - +2 ring of protection

@: about to teleport, flying, very slightly contaminated, drained
A: breathe lightning, unfitting armour, reduced essence, big wings, magic
resistance 1, sense surroundings 1, electricity resistance, cold-blooded, AC +10
}: 1/15 runes: serpentine
a: Breathe Lightning, Stop Flying, Recall Ancestor, Ancestor Identity,
Transference, Idealise, Renounce Religion


You were on level 3 of the Vaults.
You worshipped Hepliaklqana.
Hepliaklqana was exalted by your worship.
You were not hungry.

You visited 7 branches of the dungeon, and saw 35 of its levels.
You also visited: Sewer.

You collected 2702 gold pieces.
You spent 440 gold pieces at shops.

Inventory:

Hand Weapons
 a - a +2 executioner's axe of flaming
   (You acquired it on level 3 of the Lair of Beasts)
 U - a +1 war axe of electrocution (weapon)
   (You took it off a vault warden on level 2 of the Vaults)
 Z - a +3 blowgun
   (You took it off Sonja on level 1 of the Orcish Mines)
Missiles
 c - 4 throwing nets (quivered)
 y - 21 curare-tipped needles
Armour
 o - a +2 pair of gloves (worn)
   (You found it on level 4 of the Dungeon)
 J - a +2 hat (worn)
 R - a +1 pair of boots of flying (worn)
   (You found it on level 12 of the Dungeon)
 V - a +2 cloak (worn)
   (You found it on level 13 of the Dungeon)
 W - a +1 shield of reflection (worn)
   (You found it on level 13 of the Dungeon)
Jewellery
 l - a +2 ring of protection (left hand)
   (You found it on level 1 of the Lair of Beasts)
 E - an amulet of the acrobat (around neck)
   (You took it off a salamander on level 4 of the Snake Pit)
 G - an uncursed ring of poison resistance
   (You found it on level 10 of the Dungeon)
 K - an uncursed ring of protection from magic
   (You found it on level 4 of the Snake Pit)
 L - the ring "Ebry" {+Blink rElec rF+ MP+9 Stlth-}
   (You found it on level 3 of the Snake Pit)

   [ring of attention]

   It protects you from fire.
   It insulates you from electricity.
   It affects your magic capacity (+9).
   It lets you blink.
   It makes you less stealthy.
 Y - a +2 ring of protection (right hand)
   (You took it off a tengu conjurer on level 14 of the Dungeon)
Wands
 z - a wand of acid (10)
   (You found it on level 1 of the Snake Pit)
 A - a wand of flame (83)
   (You took it off Ijyb on level 5 of the Dungeon)
 B - a wand of polymorph (19)
   (You took it off a gnoll on level 5 of the Dungeon)
 C - a wand of paralysis (31)
   (You found it on level 5 of the Dungeon)
 F - a wand of disintegration (14)
   (You took it off an orc on level 9 of the Dungeon)
 O - a wand of iceblast (5)
   (You found it on level 14 of the Dungeon)
 Q - a wand of digging (10)
   (You found it on level 5 of the Lair of Beasts)
Scrolls
 e - 6 scrolls of amnesia
 f - a scroll of blinking
 g - 6 scrolls of enchant weapon
 h - 5 scrolls of immolation
 q - 11 scrolls of teleportation
 r - 7 scrolls of fog
 w - 6 scrolls of remove curse
 x - a scroll of identify
 D - a scroll of brand weapon
 M - 2 scrolls of vulnerability
 T - 4 scrolls of magic mapping
Potions
 b - 3 potions of heal wounds
 i - 9 potions of flight
 j - 4 potions of ambrosia
 k - 9 potions of curing
 m - 2 potions of mutation
 n - 2 potions of might
 p - 2 potions of cancellation
 s - a potion of invisibility
 t - 2 potions of magic
 u - 3 potions of resistance
 v - 4 potions of haste
 I - 5 potions of brilliance
 N - a potion of berserk rage
 S - a potion of agility
Miscellaneous
 H - 2 boxes of beasts
 P - a fan of gales
   (You found it on level 6 of the Lair of Beasts)
Comestibles
 d - 20 rations


   Skills:
 + Level 18.3(16.9) Fighting
 - Level 18.0(16.6) Axes
 - Level 1.7(0.8) Throwing
 + Level 16.2(14.9) Dodging
 - Level 15.0(13.7) Shields
 - Level 11.0(9.8) Invocations
 - Level 7.0(6.0) Evocations


You had 18 spell levels left.
You didn't know any spells.
Your spell library contained the following spells:

 Spells                   Type           Power        Failure   Level  Hunger
 Confusing Touch          Hex            #.....       41%         1    ##.....
 Corona                   Hex            #......      41%         1    ##.....
 Magic Dart               Conj           #...         41%         1    ##.....
 Shock                    Conj/Air       #...         41%         1    ##.....
 Ensorcelled Hibernation  Hex/Ice        #.....       54%         2    ###....
 Searing Ray              Conj           #.....       54%         2    ###....
 Swiftness                Chrm/Air       #.......     54%         2    ###....
 Confuse                  Hex            #.......     78%         3    ####...
 Dazzling Spray           Conj/Hex       #.....       78%         3    ####...
 Gell's Gravitas          Tloc           #.........   78%         3    ####...
 Recall                   Summ/Tloc      N/A          78%         3    ####...
 Static Discharge         Conj/Air       #.......     78%         3    ####...
 Tukima's Dance           Hex            #.......     78%         3    ####...
 Airstrike                Air            #.........   99%         4    #####..
 Animate Dead             Necr           N/A          99%         4    #####..
 Cause Fear               Hex            #.........   99%         4    #####..
 Force Lance              Conj/Tloc      #.......     99%         4    #####..
 Fulminant Prism          Conj/Hex       #.........   99%         4    #####..
 Ice Form                 Ice/Tmut       #.......     99%         4    #####..
 Iskenderun's Mystic Bla  Conj           #.......     99%         4    #####..
 Petrify                  Tmut/Erth      #.......     99%         4    #####..
 Borgnjor's Vile Clutch   Necr/Erth      #.........   100%        5    ######.
 Lightning Bolt           Conj/Air       #.........   100%        5    ######.
 Metabolic Englaciation   Hex/Ice        #.........   100%        5    ######.
 Silence                  Hex/Air        #.........   100%        5    ######.
 Yara's Violent Unravell  Hex/Tmut       #.........   100%        5    ######.
 Bolt of Cold             Conj/Ice       #.........   100%        6    #######
 Death Channel            Necr           #.........   100%        6    #######
 Deflect Missiles         Chrm/Air       #.........   100%        6    #######
 Freezing Cloud           Conj/Ice/Air   #.........   100%        6    #######
 Ozocubu's Refrigeration  Ice            #.........   100%        6    #######
 Simulacrum               Ice/Necr       #.........   100%        6    #######
 Malign Gateway           Summ/Tloc      #.........   100%        7    #######
 Monstrous Menagerie      Summ           #.........   100%        7    #######
 Summon Greater Demon     Summ           #.........   100%        7    #######
 Discord                  Hex            #.........   100%        8    #######
 Summon Horrible Things   Summ           #.........   100%        8    #######


Dungeon Overview and Level Annotations

Branches:
Dungeon (15/15)            Temple (1/1) D:4            Lair (6/6) D:11
  Swamp (4/4) Lair:4        Snake (4/4) Lair:3        Slime (0/5) Lair:6
    Orc (2/2) D:9             Elf (0/3) Orc:2        Vaults (3/5) D:13
 Depths (0/5) D:15
  Crypt: Vaults:2-3

Altars:
Ashenzari
Cheibriados
Dithmenos
Elyvilon
Fedhas
Gozag
Hepliaklqana
Kikubaaqudgha
Makhleb
Nemelex Xobeh
Okawaru
Qazlal
Ru
Sif Muna
Uskayaw
Vehumet
Wu Jian
Xom
Yredelemnul
Zin
The Shining One

Shops:
D:9 %   Orc:2 :*[(   Snake:3 *}*!   Vaults:1 %

Annotations:
D:3 3 runed doors, aves's ghost, amateur DsFi
D:6 2 runed doors, Somebody's ghost, novice DEFE
D:7 1 runed door
Lair:4 exclusion: 2 oklob plants
Swamp:1 exclusion: Roxanne, Roxanne
Orc:2 2 transporters, dricus's ghost, journeyman HuGl
Vaults:1 3 runed doors, FollowTheCloud's ghost, adept DrFE


Innate Abilities, Weirdness & Mutations

You can breathe wild blasts of lightning.
Your glossy black scales are hard. (AC +10)
You cannot fit into any form of body armour.
Your large and strong wings let you fly indefinitely.
You are resistant to electric shocks. (rElec)
You are cold-blooded and may be slowed by cold attacks.
Your life essence is reduced to manifest your ancestor. (-10% HP)
You are resistant to hostile enchantments. (MR+)
You passively map a small area around you.


Message History

The orc warrior zaps a wand.
You resist with almost no effort.
Namzu hits the tengu reaver with a broad axe of flaming!!
Namzu burns the tengu reaver.
The vault warden unwields a +0 arbalest.
The vault warden wields a +1 great sword of holy wrath.
It softly glows with a divine radiance!
The vault warden completely misses you.
The yaktaur wields a +0 arbalest.
The yaktaur shoots a bolt.
The bolt closely misses you.
The bolt hits the tengu reaver!
The tengu reaver hits Namzu with a +0 vampiric war axe!
The tengu reaver pecks Namzu!
Namzu blocks the tengu reaver's attack.
The vault warden completely misses you.
You completely miss the vault warden. You slash the vault warden!
Lightning courses through the vault warden!
Namzu misses the tengu reaver.
The tengu reaver hits Namzu but does no damage.
Namzu blocks the tengu reaver's attack.
The tengu reaver claws Namzu but does no damage.
The vault warden activates a sealing rune.
The vault warden hits you with a +6 halberd of distortion.
* * * LOW HITPOINT WARNING * * *
Space bends around you.
* * * LOW HITPOINT WARNING * * *
You hit the vault warden but do no damage.
You tail-slap the vault warden.
The vault warden is lightly wounded.
You slash the vault warden!
Lightning courses through the vault warden!
You closely miss the orc warrior.
The vault warden hits you with a +1 great sword of holy wrath!
* * * LOW HITPOINT WARNING * * *
Namzu casts a spell.
Namzu seems to speed up.
The tengu reaver hits Namzu with a +0 vampiric war axe!
Namzu is destroyed!
The tengu reaver shouts!
Unknown command.
Blink to where?
Press: ? - help, Dir - move target cursor You are very lightly contaminated with residual magic.
As you read the scroll of blinking, it crumbles to dust.
A trident of protection comes into view.
It is a trident of protection.
The trident of protection hits you but does no damage.
You block the trident of protection's attack.
Found a wand of flame (14).
As you read the scroll of teleportation, it crumbles to dust.
You feel strangely unstable.
The tengu reaver points at you and mumbles some strange words.
The fireball explodes!
The fireball engulfs you!
You die...

* #......#..# ,
#......#..# * #
#......#..# , ,* #[
#....R.#..# ,, ,,
#+####++####+# . ,
*#.......†..).#, # * #..
#.......Q*...# .#
#...#.......p...)#[.#.#
, #...'(@......op)ccc..#
*
#...######+########c.#.#
, /, #......... ..# , ,
, #.........+ .#
#......... .. #.........
.. , #......... * ### ,
#.........# ,
#.........#


You could see a vault warden, a tengu reaver, an orc warrior, a trident of
protection and a battlesphere.

Vanquished Creatures
  A thorn hunter (Swamp:3)
  7 nagarajas
  A shadow dragon (Vaults:3)
  A frost giant (Vaults:2)
  A fire giant (Vaults:3)
  An orc warlord (Orc:2)
  2 vault wardens
  3 ironheart preservers
  A very ugly thing (Swamp:1)
  2 entropy weavers
  2 stone giants (Vaults:2)
  Azrael (Snake:3)
  2 fire dragons (Vaults:1)
  5 yaktaur captains
  Josephine (Swamp:1)
  A vault guard (Vaults:2)
  An ice dragon (Vaults:3)
  A ghost crab (Swamp:3)
  9 naga warriors
  6 hydras
  4 catoblepae
  3 death yaks
  7 centaur warriors
  3 ogre magi
  4 anacondas
  9 alligators
  8 shock serpents
  3 orc high priests (Orc:2)
  Urug (Lair:4)
  13 naga sharpshooters
  Sonja (Orc:1)
  27 two-headed ogres
  A deep elf knight (Vaults:1)
  A salamander mystic (Snake:4)
  A spriggan druid (Swamp:4)
  2 flayed ghosts
  A sea snake (Snake:1)
  6 swamp dragons
  An unseen horror (D:14)
  A glowing orange brain (Vaults:3)
  2 deep elf archers (Vaults:3)
  5 naga ritualists
  3 harpies (D:13)
  3 ironbrand convokers
  7 orc knights
  18 ugly things
  3 orc sorcerers
  A wolf spider (D:13)
  6 deep elf magi
  9 mana vipers
  4 cyclopes
  3 manticores
  13 slime creatures
  12 salamanders
  7 vault sentinels
  A black mamba (shapeshifter) (D:13)
  A guardian serpent (Snake:4)
  3 elephants (Lair:6)
  A centaur zombie (D:15)
  30 black mambas
  13 naga magi
  9 spiny frogs
  A spiny frog (shapeshifter) (Vaults:2)
  2 rime drakes
  10 yaktaurs
  3 freezing wraiths
  6 komodo dragons
  A tengu conjurer (D:15)
  4 trolls
  10 hornets
  A harpy zombie (D:11)
  3 bog bodies
  4 tyrant leeches
  A blink frog (shapeshifter) (D:14)
  12 blink frogs
  4 hippogriffs
  A shadow (D:12)
  5 spriggans
  A wyvern (D:14)
  A hog (D:7)
  A vampire (D:11)
  48 yaks
  2 basilisks
  A fire elemental (Snake:3)
  14 vampire mosquitoes
  A steam dragon (shapeshifter) (D:12)
  A human (D:7)
  A steam dragon (D:7)
  9 swamp worms
  4 wargs
  2 human simulacra
  7 soldier ants
  A soldier ant (shapeshifter) (Vaults:3)
  13 water moccasins
  An acid dragon (D:11)
  30 nagas
  11 insubstantial wisps
  6 hell hounds (Snake:3)
  Duvessa (D:7)
  7 swamp drakes
  14 porcupines
  24 orc warriors
  2 slaves
  An eye of draining (D:11)
  2 ice beasts
  An ice beast (shapeshifter) (Vaults:3)
  A sky beast (D:7)
  A black bear (D:8)
  Purgy (D:3)
  5 phantoms
  5 wolves
  17 ogres
  2 boggarts (Vaults:1)
  13 centaurs
  5 crocodiles
  11 big kobolds
  27 bullfrogs
  A gnoll sergeant (Orc:1)
  Dowan (D:7)
  A wyvern skeleton (D:13)
  3 scorpions
  6 killer bees
  9 wights
  3 howler monkeys
  7 electric eels
  5 crimson imps
  2 bullfrog zombies
  2 hounds (D:6)
  2 jellies
  3 centaur skeletons
  12 orc priests
  2 bullfrog skeletons
  A gnoll shaman (Orc:1)
  20 orc wizards
  Ijyb (D:5)
  An iguana (D:14)
  27 worker ants
  2 knights
  A worker ant zombie (D:10)
  A howler monkey skeleton (D:9)
  4 gnolls
  10 adders
  A river rat (Sewer)
  A shadow imp (D:13)
  9 white imps (Lair:5)
  An ooze (D:5)
  5 worms
  4 dart slugs
  7 leopard geckos
  87 orcs
  3 ball pythons
  6 giant cockroaches
  4 goblins
  5 hobgoblins
  19 jackals
  20 kobolds
  5 quokkas
  9 bats
  4 frilled lizards
  2 jackal skeletons
  A quokka skeleton (D:7)
  11 rats
  3 briar patches
  8 fungi
  A plant (Lair:2)
1006 creatures vanquished.

Vanquished Creatures (collateral kills)
  A lich (Vaults:3)
  3 nagarajas
  A frost giant (Vaults:3)
  A deep elf sorcerer (Vaults:3)
  2 vault wardens
  Louise (D:14)
  2 ironheart preservers
  An entropy weaver (D:12)
  3 great orbs of eyes (Vaults:3)
  A fire dragon (Vaults:3)
  A rakshasa (Vaults:1)
  9 hydras
  4 naga warriors
  4 centaur warriors
  2 catoblepae (Lair:6)
  3 alligators
  An anaconda (Snake:4)
  A queen ant (D:12)
  4 ogre magi
  4 death yaks
  A shambling mangrove (Swamp:4)
  6 two-headed ogres
  2 tengu warriors (D:14)
  10 naga sharpshooters
  A deep elf knight (Vaults:2)
  A shock serpent (Snake:3)
  A skeletal warrior (D:12)
  A wizard (Vaults:3)
  A salamander mystic (Snake:2)
  3 swamp dragons
  A phantasmal warrior (Vaults:2)
  3 unseen horrors
  Pikel (D:5)
  3 naga ritualists
  An ironbrand convoker (Vaults:2)
  8 orc knights
  A necromancer (D:13)
  A wolf spider (Vaults:1)
  6 ugly things
  5 orc sorcerers
  2 deep elf magi
  3 mana vipers
  3 salamanders
  An elephant (Lair:6)
  13 black mambas
  2 guardian serpents
  Joseph (D:7)
  4 spiny frogs
  12 naga magi
  3 vault sentinels
  A centaur skeleton (D:15)
  2 gargoyles
  2 freezing wraiths
  A kobold demonologist (Orc:1)
  2 yaktaurs
  3 komodo dragons
  A tyrant leech (Swamp:4)
  2 tengu conjurers
  5 trolls
  3 blink frogs
  3 hornets
  8 slime creatures
  A bog body (Swamp:1)
  A slime creature (shapeshifter) (D:13)
  Sigmund (D:4)
  2 spriggans (Swamp:2)
  A shadow (Swamp:2)
  A hog (D:7)
  A centaur simulacrum (D:15)
  11 yaks
  4 wraiths
  A hungry ghost (D:15)
  3 basilisks (D:13)
  A warg (Orc:1)
  6 vampire mosquitoes
  13 nagas
  A soldier ant (D:12)
  7 swamp worms
  3 insubstantial wisps
  A hell hound (Snake:3)
  8 water moccasins
  3 swamp drakes
  3 sky beasts
  A black bear (D:11)
  17 orc warriors
  A necrophage (D:15)
  An ice beast (D:15)
  10 ogres
  3 wolves
  2 boggarts (Vaults:1)
  6 centaurs
  2 crocodiles
  4 big kobolds (Orc:1)
  6 bullfrogs
  A wyvern zombie (D:6)
  A wyvern skeleton (D:13)
  3 scorpions
  3 killer bees
  7 wights
  2 howler monkeys
  An electric eel (D:11)
  7 crimson imps
  A bullfrog zombie (D:11)
  4 jellies (Lair:6)
  4 orc priests
  2 hounds
  10 orc wizards
  A bullfrog skeleton (D:12)
  2 iguanas
  10 worker ants
  A mummy (D:9)
  3 gnolls (Orc:1)
  An adder (D:8)
  3 white imps (Lair:5)
  27 orcs
  A jackal (Sewer)
  4 kobolds
  3 quokkas
  A leopard gecko skeleton (D:5)
  2 rats (Sewer)
  2 briar patches (Swamp:3)
  A fungus (Lair:2)
  A plant (Lair:4)
  A withered plant (D:13)
419 creatures vanquished.

Vanquished Creatures (others)
  2 naga sharpshooters (Snake:4)
  A spriggan druid (Swamp:4)
  2 ironbrand convokers (Vaults:3)
  A deep elf mage (Vaults:3)
  A black mamba (Lair:6)
  A basilisk (Lair:6)
  An insubstantial wisp (Swamp:4)
  A naga (Snake:2)
  5 centaurs
  An orc wizard (D:7)
  27 knights
  2 ancestors
  3 briar patches (Swamp:3)
  26 fungi
  9 plants
83 creatures vanquished.

Grand Total: 1508 creatures vanquished

Notes
Turn   | Place    | Note
-------+----------+-------------------------------------------
     0 | D:1      | Flugkiller the Draconian Gladiator began the quest for the
                  | Orb.
     0 | D:1      | Reached XP level 1. HP: 17/17 MP: 1/1
   259 | D:1      | Reached XP level 2. HP: 24/25 MP: 2/2
  1009 | D:2      | Found a radiant altar of Vehumet.
  1043 | D:2      | Found a shattered altar of Ashenzari.
  1112 | D:2      | Noticed a dagger
  1114 | D:2      | Noticed a dagger
  1122 | D:2      | Reached XP level 3. HP: 21/31 MP: 3/3
  1218 | D:2      | Found a hide-covered altar of Uskayaw.
  2208 | D:3      | Reached XP level 4. HP: 35/40 MP: 4/4
  2254 | D:3      | Noticed Purgy
  2385 | D:3      | Found an ancient bone altar of Kikubaaqudgha.
  2966 | D:3      | Reached XP level 5. HP: 45/47 MP: 5/5
  3574 | D:3      | Found a runed gate.
  3574 | D:3      | Found a runed gate.
  3574 | D:3      | Found a runed gate.
  3855 | D:3      | Killed Purgy
  3855 | D:3      | Reached skill level 5 in Fighting
  3855 | D:3      | Reached skill level 5 in Axes
  3855 | D:3      | Reached XP level 6. HP: 21/56 MP: 6/6
  4199 | D:3      | Noticed aves's ghost (amateur DsFi)
  4394 | D:4      | Noticed Sigmund
  4649 | D:4      | Found a sparkling altar of Nemelex Xobeh.
  4649 | D:4      | Found a glowing golden altar of the Shining One.
  4703 | D:4      | Found a staircase to the Ecumenical Temple.
  4713 | Temple   | Entered the Ecumenical Temple
  4808 | Temple   | Became a worshipper of Hepliaklqana the Forgotten
  4843 | D:4      | Killed Sigmund
  4843 | D:4      | Your scales start taking on a glossy black colour.
  4843 | D:4      | Reached XP level 7. HP: 49/56 MP: 7/7
  4843 | D:4      | Gained mutation: You are resistant to electric shocks.
                  | (rElec) [Black Draconian growth]
  5439 | D:5      | Entered Level 5 of the Dungeon
  5689 | D:5      | Reached * piety under Hepliaklqana
  5864 | D:5      | Found a glowing drain.
  5868 | Sewer    | Entered a sewer
  6032 | Sewer    | Found a white marble altar of Elyvilon.
  6154 | D:5      | Reached XP level 8. HP: 60/65 MP: 8/8
  6242 | D:5      | Noticed Ijyb
  6251 | D:5      | Killed Ijyb
  7404 | D:6      | Noticed Pikel
  7580 | D:5      | Killed Pikel
  7930 | D:6      | Found a deep blue altar of Sif Muna.
  8101 | D:6      | Reached XP level 9. HP: 65/75 MP: 9/9
  8271 | D:6      | Found a large runed door.
  8271 | D:6      | Found a large runed door.
  8271 | D:6      | Reached ** piety under Hepliaklqana
  8272 | D:6      | Noticed Somebody's ghost (novice DEFE)
  8273 | D:6      | Remembered your ancestor Namzu as a knight
  8837 | D:7      | Noticed Joseph
  9009 | D:7      | Noticed Dowan
  9010 | D:7      | Noticed Duvessa
  9019 | D:7      | Killed Duvessa
  9020 | D:7      | Killed Dowan
  9083 | D:7      | Reached skill level 5 in Dodging
  9800 | D:7      | Killed Joseph
 10144 | D:7      | Reached XP level 10. HP: 44/81 MP: 10/10
 10676 | D:7      | Found a runed door.
 12164 | D:9      | Found a stormy altar of Qazlal.
 12176 | D:9      | Reached skill level 10 in Dodging
 12281 | D:9      | Found a blossoming altar of Fedhas.
 12463 | D:9      | Found a staircase to the Orcish Mines.
 12608 | D:9      | Found Onocsim's Food Shop.
 12613 | D:9      | Found a shadowy altar of Dithmenos.
 12640 | D:9      | Reached *** piety under Hepliaklqana
 13035 | D:9      | Found a snail-covered altar of Cheibriados.
 13229 | D:10     | Entered Level 10 of the Dungeon
 13303 | D:10     | Reached skill level 1 in Invocations
 13456 | D:10     | Reached skill level 1 in Evocations
 13575 | D:10     | Reached XP level 11. HP: 82/87 MP: 12/12
 14054 | D:11     | HP: 1/87 [orc priest/divine providence (13)]
 14600 | D:11     | Got a twisted glaive
 14731 | D:11     | Reached skill level 5 in Invocations
 14786 | D:11     | Reached skill level 5 in Evocations
 15113 | D:11     | Noticed a cyan ugly thing
 15138 | D:11     | Killed a cyan ugly thing
 15450 | D:11     | Reached skill level 10 in Fighting
 15964 | D:11     | Found a staircase to the Lair.
 16222 | Lair:1   | Entered Level 1 of the Lair of Beasts
 16375 | Lair:1   | Found a sacrificial altar of Ru.
 16443 | Lair:1   | Reached skill level 10 in Axes
 16919 | Lair:1   | Noticed a four-headed hydra
 16936 | Lair:1   | Killed a four-headed hydra
 16993 | Lair:1   | Reached XP level 12. HP: 66/99 MP: 15/15
 17315 | Lair:1   | Reached **** piety under Hepliaklqana
 17597 | Lair:1   | Noticed a seven-headed hydra
 17606 | Lair:1   | Noticed a four-headed hydra
 17669 | Lair:1   | Killed an 11-headed hydra
 18302 | Lair:1   | Killed a 19-headed hydra
 18861 | Lair:2   | Identified the +2 glaive of Objectivity {flame, +Blink rF-
                  | Int+7 Stlth+} (You found it on level 11 of the Dungeon)
 19903 | Lair:3   | Noticed an eight-headed hydra
 19958 | Lair:3   | Found a staircase to the Snake Pit.
 20173 | Lair:3   | Killed a six-headed hydra
 20759 | Lair:4   | Got a translucent rapier
 20766 | Lair:4   | Identified the +7 rapier of Blind Justice {flame, rElec
                  | rF+} (You found it on level 4 of the Lair of Beasts)
 20819 | Lair:4   | Reached ***** piety under Hepliaklqana
 20841 | Lair:4   | Found a staircase to the Swamp.
 21132 | Lair:4   | Noticed a death yak
 21132 | Lair:4   | Noticed a death yak
 21132 | Lair:4   | Noticed a death yak
 21202 | Lair:4   | Killed a death yak
 21225 | Lair:4   | Reached XP level 13. HP: 102/104 MP: 17/17
 21232 | Lair:4   | Noticed Urug
 21305 | Lair:4   | Killed Urug
 23048 | Lair:5   | Found a frozen archway.
 23751 | Lair:6   | Entered Level 6 of the Lair of Beasts
 23799 | Lair:6   | Reached skill level 1 in Shields
 24721 | Lair:6   | Found a staircase to the Slime Pits.
 26667 | Lair:6   | Gained mutation: Your large and strong wings let you fly
                  | indefinitely. [Black Draconian growth]
 26667 | Lair:6   | Reached XP level 14. HP: 61/111 MP: 18/20
 26676 | Lair:6   | Reached skill level 15 in Axes
 27467 | D:12     | Noticed an entropy weaver
 27561 | D:12     | Killed an entropy weaver
 27803 | D:12     | Noticed an entropy weaver
 28363 | D:12     | Killed an entropy weaver
 31440 | D:13     | Found a gate to the Vaults.
 32544 | D:14     | Reached skill level 5 in Shields
 33200 | D:14     | Reached XP level 15. HP: 98/116 MP: 21/21
 33323 | D:14     | Noticed Louise
 33494 | D:14     | Killed Louise
 33848 | D:15     | Entered Level 15 of the Dungeon
 34096 | D:15     | Found a sacrificial altar of Ru.
 34814 | D:15     | Found a staircase to the Depths.
 34832 | D:15     | Reached skill level 10 in Shields
 35410 | Orc:1    | Entered Level 1 of the Orcish Mines
 35915 | Orc:1    | Noticed Sonja
 35921 | Orc:1    | Killed Sonja
 36194 | Orc:2    | Entered Level 2 of the Orcish Mines
 36225 | Orc:2    | Found a transporter.
 36414 | Orc:2    | Gained mutation: Your magical capacity is low. (-10% MP) [a
                  | neqoxec]
 36417 | Orc:2    | Paralysed by an orc sorcerer for 7 turns
 36419 | Orc:2    | Gained mutation: You are frail. (-10% HP) [a neqoxec]
 36612 | Orc:2    | Found a staircase to the Elven Halls.
 36632 | Orc:2    | Found Wiyvvopn's Antique Weapon Boutique.
 36747 | Orc:2    | Found Ruixta Locs's General Store.
 36939 | Orc:2    | Gained mutation: You expend magic power (3 MP) to
                  | strengthen your wands. [a neqoxec]
 36978 | Orc:2    | Noticed an orc warlord
 36989 | Orc:2    | Killed an orc warlord
 37001 | Orc:2    | Found a transporter.
 37011 | Orc:2    | Paralysed by an orc sorcerer for 2 turns
 37198 | Orc:2    | Paralysed by an orc sorcerer for 2 turns
 37209 | Orc:2    | Noticed dricus's ghost (journeyman HuGl)
 37218 | Orc:2    | Found Anwiag's Antique Armour Emporium.
 37513 | Orc:2    | Found Aclonog's Book Emporium.
 37759 | Orc:1    | Reached XP level 16. HP: 115/116 MP: 20/20
 37846 | Orc:2    | Bought a scroll of identify for 26 gold pieces
 37846 | Orc:2    | Bought a scroll of identify for 26 gold pieces
 37848 | Orc:2    | Lost mutation: You are frail. (-10% HP) [potion of
                  | mutation]
 37848 | Orc:2    | Lost mutation: Your magical capacity is low. (-10% MP)
                  | [potion of mutation]
 37848 | Orc:2    | Lost mutation: You expend magic power (3 MP) to strengthen
                  | your wands. [potion of mutation]
 37848 | Orc:2    | Gained mutation: You are resistant to hostile enchantments.
                  | (MR+) [potion of mutation]
 37848 | Orc:2    | Gained mutation: You passively map a small area around you.
                  | [potion of mutation]
 37974 | Orc:2    | Bought a glowing battleaxe for 294 gold pieces
 38177 | Snake:1  | Entered Level 1 of the Snake Pit
 38215 | Lair:3   | Identified a scroll of acquirement
 39333 | Snake:1  | Reached skill level 10 in Invocations
 42150 | Snake:3  | Found Roasch's Distillery.
 42150 | Snake:3  | Found Bais's General Store.
 42151 | Snake:3  | Found Siath's Assorted Antiques.
 42155 | Snake:3  | Found Zialacem's Gadget Boutique.
 42202 | Snake:3  | Bought a potion of heal wounds for 70 gold pieces
 42927 | Snake:3  | Got a sparkling steel ring
 43094 | Snake:3  | Bought a scroll of identify for 24 gold pieces
 43094 | Snake:3  | Identified the ring "Ebry" {+Blink rElec rF+ MP+9 Stlth-}
                  | (You found it on level 3 of the Snake Pit)
 43126 | Snake:3  | Noticed Azrael
 43141 | Snake:3  | Killed Azrael
 43867 | Snake:4  | Entered Level 4 of the Snake Pit
 44285 | Snake:4  | Reached XP level 17. HP: 97/136 MP: 25/25
 47720 | Snake:3  | Found Siath's Assorted Antiques.
 47720 | Snake:3  | Found Zialacem's Gadget Boutique.
 47721 | Snake:3  | Found Bais's General Store.
 47732 | Snake:3  | Found Roasch's Distillery.
 48133 | Snake:3  | Found Siath's Assorted Antiques.
 48133 | Snake:3  | Found Zialacem's Gadget Boutique.
 48134 | Snake:3  | Found Bais's General Store.
 48136 | Snake:3  | Found Roasch's Distillery.
 48428 | Snake:3  | Reached skill level 15 in Shields
 50182 | Snake:4  | Reached skill level 15 in Fighting
 50248 | Snake:4  | Got a serpentine rune of Zot
 50591 | Swamp:1  | Entered Level 1 of the Swamp
 51075 | Swamp:1  | Noticed Josephine
 51579 | Swamp:1  | Reached XP level 18. HP: 125/149 MP: 26/26
 51790 | Swamp:1  | Identified Roxanne's Reference Book on Shape Shifting
 51790 | Swamp:1  | Noticed Roxanne
 51813 | Swamp:1  | Got a bloodstained shortbow
 51956 | Swamp:1  | Killed Josephine
 53821 | Swamp:4  | Entered Level 4 of the Swamp
 55312 | Vaults:1 | Entered Level 1 of the Vaults
 55312 | Vaults:1 | Found Zuomyclo's Food Boutique.
 55312 | Vaults:1 | Reached ****** piety under Hepliaklqana
 55861 | Vaults:1 | Reached skill level 15 in Dodging
 56535 | Vaults:1 | Found a runed gate.
 56535 | Vaults:1 | Found a runed gate.
 56535 | Vaults:1 | Found a runed gate.
 57832 | Vaults:1 | Noticed FollowTheCloud's ghost (adept DrFE)
 57835 | Vaults:1 | Found an iron altar of Okawaru.
 58391 | Vaults:2 | Reached XP level 19. HP: 161/161 MP: 27/27
 58810 | Vaults:2 | Identified the cursed +1 quarterstaff "Fyames" {crush, rN+
                  | Str-5 Dex+4}
 61474 | Vaults:3 | Killed from afar by a tengu reaver

Vault maps used:
D:1:      dpeg_chamrin_arrival_tetris, nrook_mini_backslash
D:2:      nicolae_ashenzari_panopticon, dancing_weapons_uskayaw,
          vehumet_crystals
D:3:      lemuel_crystal_altar, ebering_ghost_rock_garden, first_ration,
          uniq_purgy
D:4:      gammafunk_temple_overflow_elements, minmay_temple_entry_water_ring,
          uniq_sigmund
D:5:      gup_sewer_entry_bowl, minmay_misc_feat_pillars, uniq_ijyb
D:6:      kennysheep_mini, ebering_ghost_disaster_area, uniq_pikel
D:7:      grunt_livestock, lightli_church_of_beogh, uniq_joseph, uniq_duvessa
D:8:      minmay_misc_feat_plants
D:9:      slow_altar_2, kennysheep_little_box, nicolae_overflow_hidden_temple,
          old_standard_altar, grunt_dithmenos_smoke, hiddenorc2_lemuel,
          serial_shops, shop
D:10:     chequers_serial_rivers_small_a
D:11:     grunt_lair_entry_orc_guard_hut
D:12:     minmay_the_grid_triangle_9x9_rhombus_thin_mashed,
          minmay_another_anthill
D:13:     david_vaults_1, lab_entry_generic, grunt_ministairs_14,
          argonaut_gorgonesque
D:14:     minmay_splitting_lines, lemuel_nasty_fountain, uniq_louise
D:15:     grunt_enter_depths_magical_seal, nicolae_ru_path_of_blood,
          minivault_11
Temple:   eino_temple_lava
Lair:1:   basic_altar
Lair:2:   serial_bayou, serial_bayou_pond_e, serial_bayou_pond_a,
          serial_bayou_lake_a, serial_bayou_crossing, serial_bayou_pond_b,
          serial_bayou_pond_a
Lair:3:   dummy_snake_entry, serial_bayou_shore_a
Lair:4:   dpeg_oklob_gauntlet, minmay_swamp_entry_worms, uniq_urug
Lair:5:   portal_ice_cave_entry_imps
Lair:6:   evilmike_catoblepas_cave, nicolae_slime_entry_slimehenge
Swamp:1:  evilmike_swamp_ruin_house_4, uniq_josephine, uniq_roxanne
Swamp:2:  evilmike_swamp_ruin_house_2
Swamp:3:  hangedman_swamp_blocks
Swamp:4:  swamp
Snake:1:  spider_trap, minmay_snake_pond, serial_bayou_shore_b
Snake:2:  spider_trap
Snake:3:  st_stairs_1, minmay_shoptagon, uniq_azrael
Snake:4:  snake_pit, serial_bayou_shore_b
Orc:1:    special_room, sword_in_stone, uniq_sonja
Orc:2:    grunt_orc_gardens, grunt_orc_garden, grunt_orc_garden,
          grunt_orc_garden, grunt_orc_garden, gammafunk_ghost_stat_death
Vaults:1: gammafunk_vaults_ghost_fury_of_okawaru, v_misc_25,
          nicolae_vaults_circle_grid_a, v_pattern_3,
          nicolae_vaults_yaktaur_gun_rack, ontoclasm_vaults_decontamination,
          vaults_room_grunt_arrival_ludios, v_misc_3, vaults_mumra_chevron_long,
          v_misc_5, vaults_room_door_hall, serial_shops, shop
Vaults:2: ontoclasm_vaults_ligature, vaults_mumra_lcd, st_more_cells,
          grunt_vaults_diagonal, vaults_room_octagon,
          nicolae_vaults_little_squares_6, v_misc_25,
          ontoclasm_vaults_loading_screen, grunt_vaults_focal
Vaults:3: v_rooms_6, v_misc_17, v_misc_8, st_star, hangedman_vaults_capsules,
          nicolae_vaults_hallways_thing, nicolae_vaults_disjoint_gnomons,
          ontoclasm_vaults_loading_screen, nicolae_vaults_shelves_hall,
          nicolae_vaults_asterisk, nicolae_vaults_three_branches,
          hangedman_vaults_trim, vaults_room_fours, dummy_crypt_entry,
          serial_glass
Sewer:    sewer_kobolds

Skill      XL: |  1  2  3  4  5  6  7  8  9 10 11 12 13 14 15 16 17 18 19 |
---------------+----------------------------------------------------------+-----
Fighting       | 3 4 5 6 7 9 11 14 15 17 18 | 18.3
Axes           | 4 5 6 7 8 9 10 14 16 18 | 18.0
Dodging        | 8 11 12 13 14 15 16 | 16.2
Invocations    | 2 5 6 9 11 | 11.0
Evocations     | 2 5 7 |  7.0
Shields        | 4 6 10 12 15 | 15.0
Throwing       | |  1.7

Action                   |  1- 3 |  4- 6 |  7- 9 | 10-12 | 13-15 | 16-18 | 19-21 || total
-------------------------+-------+-------+-------+-------+-------+-------+-------++-------
Melee: War axe           |   141 |   139 |   255 |   576 |  1352 |  1652 |   285 ||  4400
       Tailslap          |    14 |    14 |    33 |   142 |   296 |   318 |    66 ||   883
       Hand axe          |       |       |       |   159 |    16 |       |       ||   175
       Battleaxe         |       |       |       |    46 |   118 |     1 |       ||   165
       Glaive            |       |       |       |     3 |     2 |       |       ||     5
       Executioner's axe |       |       |       |       |       |   103 |       ||   103
 Fire: Blowgun           |       |       |       |       |     4 |       |       ||     4
Invok: Recall Ancestor   |       |       |     1 |     9 |    25 |    12 |     4 ||    51
       Ancestor Life: Kn |       |       |     1 |       |       |       |       ||     1
       Idealise          |       |       |       |     2 |     9 |     3 |     1 ||    15
       Transference      |       |       |       |       |     4 |     3 |       ||     7
 Abil: Breathe Lightning |       |       |    11 |     1 |     5 |       |       ||    17
       Stop Flying       |       |       |       |       |     1 |       |       ||     1
       Fly               |       |       |       |       |     1 |       |       ||     1
Evoke: Wand              |       |       |    12 |    32 |    15 |     4 |       ||    63
       Fan of gales      |       |       |       |       |     1 |       |       ||     1
       Box of beasts     |       |       |       |       |     1 |       |       ||     1
  Use: Scroll            |     1 |     2 |     3 |    19 |     8 |    16 |     4 ||    53
       Potion            |       |     1 |     3 |     1 |     3 |     7 |     1 ||    16
 Stab: Sleeping          |     1 |       |     1 |     1 |       |       |       ||     3
       Distracted        |       |     1 |       |     3 |    14 |    13 |     6 ||    37
       Paralysed         |       |       |       |    10 |     4 |       |       ||    14
       Petrified         |       |       |       |       |    12 |       |       ||    12
       Confused          |       |       |       |       |       |     1 |       ||     1
  Eat: Chunk             |     3 |     5 |    11 |    21 |    34 |    15 |     3 ||    92
       Ration            |       |     2 |     2 |     4 |     6 |    15 |     2 ||    31
Armor: Skin              |    52 |    52 |    45 |   169 |   323 |   362 |    43 ||  1046
Dodge: Dodged            |   143 |   132 |   209 |   636 |  1021 |  1092 |   159 ||  3392
Block: Buckler           |       |       |       |       |   294 |       |       ||   294
       Shield            |       |       |       |       |    25 |  1087 |   152 ||  1264
       Reflection        |       |       |       |       |     3 |   111 |    12 ||   126

Table legend:
 A = Non-vault XP
 B = Vault XP
 C = Vault XP percentage of total XP
 D = Non-vault monster count
 E = Vault monster count
 F = Vault count percentage of total count
                 A         B        C        D         E       F
            +---------+---------+-------+---------+---------+-------
      Total |  309430 |  136175 |  30.6 |    1062 |     352 |  24.9
            +---------+---------+-------+---------+---------+-------
        D:1 |      29 |       0 |   0.0 |      16 |       0 |   0.0
        D:2 |      43 |       0 |   0.0 |      24 |       0 |   0.0
        D:3 |     175 |     124 |  41.5 |      31 |       1 |   3.1
        D:4 |     381 |     238 |  38.4 |      22 |       1 |   4.3
        D:5 |     572 |     701 |  55.1 |      27 |       4 |  12.9
        D:6 |     768 |       0 |   0.0 |      17 |       0 |   0.0
        D:7 |    1371 |    1680 |  55.1 |      25 |       8 |  24.2
        D:8 |     921 |       0 |   0.0 |      20 |       0 |   0.0
        D:9 |    2200 |     484 |  18.0 |      32 |      33 |  50.8
       D:10 |    2306 |       0 |   0.0 |      20 |       0 |   0.0
       D:11 |    5880 |     801 |  12.0 |      56 |       7 |  11.1
       D:12 |    2452 |   11165 |  82.0 |      21 |      43 |  67.2
       D:13 |    6677 |    5447 |  44.9 |      51 |      13 |  20.3
       D:14 |   15307 |    1347 |   8.1 |      47 |       1 |   2.1
       D:15 |   11431 |    8509 |  42.7 |      30 |      11 |  26.8
     Lair:1 |    8568 |       0 |   0.0 |      31 |       0 |   0.0
     Lair:2 |    4972 |      90 |   1.8 |      30 |       1 |   3.2
     Lair:3 |    2922 |       0 |   0.0 |      12 |       0 |   0.0
     Lair:4 |    6944 |    1009 |  12.7 |      20 |       2 |   9.1
     Lair:5 |    4014 |     124 |   3.0 |      17 |      12 |  41.4
     Lair:6 |   10420 |    9872 |  48.6 |      37 |      25 |  40.3
    Swamp:1 |   13176 |    1677 |  11.3 |      34 |       4 |  10.5
    Swamp:2 |   15239 |       0 |   0.0 |      42 |       0 |   0.0
    Swamp:3 |   11096 |     498 |   4.3 |      20 |       1 |   4.8
    Swamp:4 |    8859 |    2441 |  21.6 |      30 |       7 |  18.9
    Snake:1 |   28243 |     778 |   2.7 |      49 |       9 |  15.5
    Snake:2 |   13018 |       0 |   0.0 |      23 |       0 |   0.0
    Snake:3 |   10872 |    7699 |  41.5 |      22 |      14 |  38.9
    Snake:4 |   37493 |   28915 |  43.5 |      71 |      41 |  36.6
      Orc:1 |    5159 |    3959 |  43.4 |      35 |      22 |  38.6
      Orc:2 |    4870 |    9957 |  67.2 |      35 |      24 |  40.7
   Vaults:1 |   11046 |   16887 |  60.5 |      18 |      31 |  63.3
   Vaults:2 |   32685 |    6837 |  17.3 |      54 |       6 |  10.0
   Vaults:3 |   29321 |   14814 |  33.6 |      43 |      21 |  32.8
      Sewer |       0 |     122 | 100.0 |       0 |      10 | 100.0
            +---------+---------+-------+---------+---------+-------
